 Dungeon Crawl Stone Soup version 0.27.1-33-g824d729ab1 (webtiles) character file.

Game seed: 17406272022108552738

46 walnutcon the Skirmisher (level 3, -2/36 HPs)
             Began as a Hill Orc Berserker on Dec 15, 2021.
             Was a Believer of Trog.
             Slain by a worm (4 damage)
             ... on level 2 of the Dungeon.
             The game lasted 00:06:45 (1473 turns).

walnutcon the Skirmisher (Hill Orc Berserker)       Turns: 1473, Time: 00:06:45

Health: -2/36      AC:  2    Str: 20    XL:     3   Next: 66%
Magic:  3/3        EV: 11    Int:  7    God:    Trog [**....]
Gold:   88         SH:  5    Dex: 10    Spells: 2/2 levels left

rFire    . . .     SeeInvis .   a - +0 hand axe
rCold    . . .     Faith    .   (no shield)
rNeg     . . .     Spirit   .   b - +0 animal skin
rPois    .         Reflect  +   (no helmet)
rElec    .         Harm     .   (no cloak)
rCorr    .         Rampage  .   (no gloves)
Will     .....                  (no boots)
Stlth    +.........             f - amulet of reflection
HPRegen  0.12/turn              (no ring)
MPRegen  0.08/turn              (no ring)

@: no status effects
A: no striking features
a: Renounce Religion, Berserk, Trog's Hand


You were on level 2 of the Dungeon.
You worshipped Trog.
Trog was pleased with you.
You visited 1 branch of the dungeon, and saw 2 of its levels.

You collected 88 gold pieces.

Inventory:

Hand Weapons
 a - a +0 hand axe (weapon)
 o - a +0 hunting sling
Missiles
 g - 24 poisoned darts (quivered)
 j - 32 stones
 l - 21 arrows
Armour
 b - a +0 animal skin (worn)
 n - a +0 buckler
Jewellery
 f - an amulet of reflection (around neck)
Scrolls
 d - a scroll of immolation {unknown}
 i - a scroll of identify {unknown}
 k - a scroll of acquirement {unknown}
 m - a scroll of amnesia {unknown}
 p - a scroll of torment {unknown}
Potions
 c - a potion of curing
 e - a potion of flight {unknown}
 h - 3 potions of mutation {unknown}


   Skills:
 * Level 5.0 Fighting
 + Level 4.7 Axes
 - Level 2.1 Armour
 - Level 1.5 Dodging


You had 2 spell levels left.
You didn't know any spells.
Your spell library was empty.

Dungeon Overview and Level Annotations

Branches:
Dungeon (2/15)

Altars:

Shops:
D:1 *?[[


Message History

A ball python comes into view.
There is a stone staircase leading down here.
A ball python comes into view.
You hit the ball python.
You kill the ball python!
Trog accepts your kill.
The ball python hisses angrily.
Throw: 25 darts (poison)
Press: ? - help, Q - select action, (/) - cycle Shift-Dir - straight line, f/p - worm
Aim: a worm (heavily wounded, poisoned, 77% to hit)
You throw a poisoned dart. The poisoned dart hits the worm.
The worm looks even sicker.
The worm is heavily wounded.
You hit the ball python.
The ball python is moderately wounded.
You block the ball python's attack. The ball python barely misses you.
The ball python bites you.
* * * LOW HITPOINT WARNING * * *
You block the ball python's attack.
You hit the ball python.
You kill the ball python!
Trog accepts your kill.
You barely miss the worm.
Found a scroll labelled POZXAWN ELIBLO.
You see here a ball python corpse.
Found 10 gold pieces.
You hit the worm.
The worm is heavily wounded.
The worm looks more healthy.
The worm bites you!
* * * LOW HITPOINT WARNING * * *
You see here a scroll labelled POZXAWN ELIBLO.
p - a scroll labelled POZXAWN ELIBLO An adder comes into view.
You see here 10 gold pieces.
You now have 88 gold pieces (gained 10).
The adder hisses angrily.
A frilled lizard comes into view.
The frilled lizard hisses angrily.
The worm bites you.
You die...

...#.#...#
######## #
#<..#(#######
......#>†......
.##...#.#######
.....#.# ######
#######†###....#
...............#
######.........#
#...@w....###
#.............
#...l...S......
#..............
#..............
#..............
#..............
#.............
######.......


You could see a worm, an adder and a frilled lizard.

Vanquished Creatures
  An adder (D:2)
  A dart slug (D:2)
  An endoplasm (D:1)
  A giant cockroach (D:1)
  5 hobgoblins
  2 jackals (D:1)
  A quokka (D:1)
  8 ball pythons
  6 bats
  A frilled lizard (D:2)
  A goblin (D:1)
  2 kobolds (D:1)
  5 rats
35 creatures vanquished.

Notes
Turn   | Place    | Note
-------+----------+-------------------------------------------
     0 | D:1      | walnutcon the Hill Orc Berserker began the quest for the
                  | Orb.
     0 | D:1      | Reached XP level 1. HP: 19/19 MP: 1/1
    32 | D:1      | Found a faded altar of an unknown god.
   337 | D:1      | Reached skill level 4 in Fighting
   379 | D:1      | Found Moicid's Antique Armour Shop.
   387 | D:1      | Found Nokli's Armour Shop.
   394 | D:1      | Reached XP level 2. HP: 27/27 MP: 2/2
   684 | D:1      | Found Gurphener's Magic Scroll Boutique.
   772 | D:1      | Found Ukafrino's Assorted Antiques.
   943 | D:2      | Reached XP level 3. HP: 34/34 MP: 3/3
  1405 | D:2      | Reached ** piety under Trog
  1416 | D:2      | Reached skill level 5 in Fighting
  1463 | D:2      | HP: 1/36 [worm (10)]
  1473 | D:2      | Slain by a worm

Illustrated notes

Levels and vault maps discovered:
D:1:      minmay_arrival_arboretum_small, layout_loops_cross, serial_shops,
          shop, shop, shop, shop, hellmonk_ecumenical_altar_slurped_away,
          minmay_hexomino_c4
D:2:      layout_basic

Skill      XL: |  1  2  3 |
---------------+----------+-----
Fighting       | 4 5 |  5.0
Axes           | |  4.7
Armour         | |  2.1
Dodging        | |  1.5

Action                   || total
-------------------------++-------
Melee: Hand axe          ||   113
Throw: Dart              ||     4
Invok: Berserk           ||     1
  Use: Potion            ||     1
 Stab: Sleeping          ||     1
Armor: Animal skin       ||    26
Dodge: Dodged            ||    46
Block: Other             ||    25
       Reflection        ||     1
